 Dungeon Crawl Stone Soup version 0.31-a0-1447-g87ca8d402b (webtiles) character file.

Game seed: 798934250744269722

28255 kae the Covert (level 13, -20/100 HPs)
             Began as a Demonspawn Enchanter on Dec 27, 2023.
             Was a Priest of Dithmenos.
             Demolished by a frost giant
             ... wielding a +1 battleaxe of freezing
              (32 damage)
             ... in an ice cave on Dec 28, 2023.
             The game lasted 00:18:22 (17198 turns).

kae the Covert (Demonspawn Enchanter)              Turns: 17198, Time: 00:18:23

Health: -20/100    AC: 21    Str:  9    XL:     13   Next: 8%
Magic:  5/24       EV: 13    Int: 22    God:    Dithmenos [***...]
Gold:   1524       SH:  4    Dex: 18    Spells: 16/27 levels left

rFire   + . .        r - +6 dagger (heavy)
rCold   + . .        (no shield)
rNeg    + . .        i - +3 leather armour
rPois   .            (helmet restricted)
rElec   +            l - +2 cloak
rCorr   +            L - +2 pair of gloves {rF+}
SInv    .            O - +2 pair of boots {rampage}
Will    +....        A - amulet of the acrobat
Stlth   ++++++++     z - ring of Doisoota {rC+ Will+ Int+6}
HPRegen 0.36/turn    x - ring of Oqumodufe {rElec rN+ rCorr Stlth+}
MPRegen 0.19/turn

%: acrobat, rampage
@: wreathed by umbra, invisible
A: antennae 1, rugged brown scales 1, foul stench 2, icemail 1, condensation
shield
a: Renounce Religion, Shadow Step


You were in an ice cave.
You worshipped Dithmenos.
Dithmenos was most pleased with you.
You visited 2 branches of the dungeon, and saw 14 of its levels.
You also visited: Sewer and Ice Cave.

You collected 1881 gold pieces.
You spent 357 gold pieces at shops.


Innate Abilities, Weirdness & Mutations

You have a pair of small antennae on your head.
You are partially covered in rugged brown scales. (AC +1, +3% HP)
You sometimes emit foul miasma when damaged in melee.
A meltable icy envelope protects you from harm. (AC +4)
A meltable shield of frost defends you. (SH +4)


   Skills:
 + Level 8.1 Fighting
 * Level 10.3 Short Blades
 + Level 3.9 Armour
 + Level 4.4 Dodging
 * Level 11.5 Stealth
 + Level 7.6 Spellcasting
 + Level 8.4 Hexes
 - Level 5.0 Ice Magic


You had 16 spell levels left.
You knew the following spells:

 Your Spells              Type           Power      Damage    Failure   Level
a - Ensorcelled Hibernat  Hex/Ice        74%        N/A       1%          2
b - Confusing Touch       Hex            45%        N/A       1%          3
c - Tukima's Dance        Hex            45%        N/A       1%          3
d - Dazzling Flash        Conj/Hex       52%        N/A       5%          3

Your spell library contained the following spells:

 Spells                   Type           Power      Damage    Failure   Level
 Summon Small Mammal      Summ           32%        N/A       11%         1
 Lesser Beckoning         Tloc           16%        N/A       16%         2
 Call Canine Familiar     Summ           8%         N/A       32%         3
 Gell's Gravitas          Tloc           8%         N/A       32%         3
 Mephitic Cloud           Conj/Alch/Air  8%         N/A       32%         3
 Teleport Other           Tloc           8%         N/A       32%         3
 Silence                  Hex/Air        13%        N/A       45%         5
 Summon Blazeheart Golem  Fire/Summ      8%         N/A       71%         4
 Curse of Agony           Necr           8%         N/A       96%         5

Inventory:

Hand Weapons
 a - a +1 dagger
 r - a +6 heavy dagger (weapon)
   (You took it off an orc wizard on level 3 of the Dungeon)
Missiles
 d - 3 throwing nets {=f!f}
 e - 98 stones
 v - 40 poisoned darts
 K - 5 boomerangs
 Q - 4 darts of dispersal {=f!f}
Armour
 b - a +0 robe
 i - a +3 leather armour (worn)
   (You took it off an orc on level 6 of the Dungeon)
 l - a +2 cloak (worn)
   (You found it on level 6 of the Dungeon)
 w - a +2 helmet
   (You found it on level 7 of the Dungeon)
 G - a +0 cloak of cold resistance
   (You found it in an ice cave)
 L - a +2 pair of gloves of fire resistance (worn)
   (You bought it in a shop on level 10 of the Dungeon)
 O - a +2 pair of boots of rampaging (worn)
   (You acquired it on level 12 of the Dungeon)
Magical Staves
 g - a staff of death {!a}
   (You took it off a centaur on level 10 of the Dungeon)
 F - a staff of death {!a}
   (You found it on level 9 of the Dungeon)
 T - a staff of death {!a}
   (You found it in an ice cave)
Jewellery
 x - the ring of Oqumodufe (right hand) {rElec rN+ rCorr Stlth+}
   (You acquired it in a sewer)

   [ring of positive energy]

   rElec:     It insulates you from electricity.
   rN+:       It protects you from negative energy.
   rCorr:     It protects you from acid and corrosion.
   Stlth+:    It makes you more stealthy.
 y - a +4 ring of slaying
   (You took it off Erica on level 8 of the Dungeon)
 z - the ring of Doisoota (left hand) {rC+ Will+ Int+6}
   (You found it on level 10 of the Dungeon)

   [ring of protection from cold]

   Int+6:     It affects your intelligence (+6).
   rC+:       It protects you from cold.
   Will+:     It increases your willpower.
 A - an amulet of the acrobat (around neck)
   (You found it on level 2 of the Dungeon)
 D - a +6 ring of dexterity
   (You found it on level 10 of the Dungeon)
 P - a ring of poison resistance
   (You found it on level 2 of the Dungeon)
 R - the amulet of Elemental Vulnerability {rPois rF-- rC-- AC+8}
   (You found it on level 12 of the Dungeon)

   [amulet of nothing]

   AC+8:      It affects your AC (+8).
   rF--:      It makes you very vulnerable to fire.
   rC--:      It makes you very vulnerable to cold.
   rPois:     It protects you from poison
 S - a +6 ring of strength
   (You found it on level 9 of the Dungeon)
 Y - a +4 ring of slaying
   (You found it on level 1 of the Dungeon)
Wands
 o - a wand of quicksilver (25)
   (You found it on level 4 of the Dungeon)
 C - a wand of roots (5)
   (You found it on level 7 of the Dungeon)
 E - a wand of mindburst (23)
   (You found it on level 7 of the Dungeon)
 J - a wand of polymorph (8)
   (You found it on level 8 of the Dungeon)
 N - a wand of digging (6)
   (You found it in an ice cave)
Scrolls
 k - 4 scrolls of immolation {!r!r}
 m - 3 scrolls of teleportation {@r4}
 n - 3 scrolls of vulnerability {!r!r}
 u - 4 scrolls of noise {!r}
 I - 2 scrolls of fog
 U - a scroll of silence {unknown}
 V - a scroll of torment {unknown}
Potions
 f - a potion of berserk rage {!q}
 h - 4 potions of might
 j - 2 potions of degeneration {!q}
 p - 3 potions of lignification {!q}
 q - 4 potions of mutation {!q}
 s - 3 potions of enlightenment
 t - 4 potions of haste {@q3}
 B - a potion of resistance
 H - a potion of curing {@q1}
 M - a potion of attraction {!q}

Dungeon Overview and Level Annotations

Branches:
Dungeon (13/15) Zot: 26815  Temple (1/1) D:7 Zot: 5970    Lair (0/5) D:9
    Orc (0/2) D:11          Sewer (visited)           IceCv (1/1) Zot: 4670
 Vaults: D:13-14

Altars:
Ashenzari
Cheibriados
Dithmenos
Fedhas
Gozag
Hepliaklqana
Kikubaaqudgha
Makhleb
Nemelex Xobeh
Okawaru
Qazlal
Ru
Sif Muna
Trog
Uskayaw
Vehumet
Wu Jian
Xom
Yredelemnul

Shops:
D:10

* #..
##..#
#....
Y...#
#...
#..##
#hh#
#C#
##@#
#†##
#.##
#..#
##.#
##.#
###.##
##.#.#
#....#


You could see a frost giant (blind, unable to see you) and 2 polar bears.


Message History

😮 HP[+1] 😮 HP[+1] MP[+1]
You see here a death yak corpse.
Casting: Dazzling Flash (mildly dangerous; 5% risk of failure)
Confirm with . or Enter, or press ? or * to list all spells.
Casting: Dazzling Flash (mildly dangerous; 5% risk of failure)
Press: ? - help, Dir - look around, f - activate The death yak gores you! 😮 HP[-11] MP[-3]
You take 11 damage, and now have 64/100 hp.
You lost 3 mp, and now have 20/24 mp.
Casting: Dazzling Flash (mildly dangerous; 5% risk of failure)
Confirm with . or Enter, or press ? or * to list all spells.
Casting: Dazzling Flash (mildly dangerous; 5% risk of failure)
Press: ? - help, Dir - look around, f - activate The polar bear is dazzled.
You block the death yak's attack. 😮 HP[+1] MP[-3]
You lost 3 mp, and now have 17/24 mp.
Casting: Dazzling Flash (mildly dangerous; 5% risk of failure)
Confirm with . or Enter, or press ? or * to list all spells.
Casting: Dazzling Flash (mildly dangerous; 5% risk of failure)
Press: ? - help, Dir - look around, f - activate The polar bear is dazzled.
The death yak gores you. 😮 HP[-1] MP[-3]
You take 1 damage, and now have 64/100 hp.
You lost 3 mp, and now have 14/24 mp.
Casting: Dazzling Flash (mildly dangerous; 5% risk of failure)
Confirm with . or Enter, or press ? or * to list all spells.
Casting: Dazzling Flash (mildly dangerous; 5% risk of failure)
Press: ? - help, Dir - look around, f - activate The death yak gores you!
* * * LOW HITPOINT WARNING * * *
😨 HP[-15] MP[-2]
You take 15 damage, and now have 49/100 hp.
You lost 2 mp, and now have 12/24 mp.
Casting: Dazzling Flash (mildly dangerous; 5% risk of failure)
Confirm with . or Enter, or press ? or * to list all spells.
Casting: Dazzling Flash (mildly dangerous; 5% risk of failure)
Press: ? - help, Dir - look around, f - activate The death yak is dazzled.
The polar bear is dazzled.
The death yak gores you but does no damage. 😨 MP[-3]
You lost 3 mp, and now have 9/24 mp.
Casting: Dazzling Flash (mildly dangerous; 5% risk of failure)
Confirm with . or Enter, or press ? or * to list all spells.
You don't know that spell.
You hit the death yak.
You catch the helpless death yak completely off-guard!
You impale the death yak!! The death yak misses you. 😨 HP[+1]
You catch the helpless death yak completely off-guard!
You perforate the death yak like a sieve!!!
You kill the death yak!
Dithmenos accepts your kill.
The frost giant gestures at you while chanting.
The bolt of cold misses you.
You hear an angry growl.
Unknown command.
The polar bear growls angrily.
The frost giant points at you and mumbles some strange words.
The bolt of cold hits you!! You resist.
* * * LOW HITPOINT WARNING * * *
You see here a death yak corpse. 😨 HP[-19]
You take 19 damage, and now have 31/100 hp.
Casting: Dazzling Flash (mildly dangerous; 5% risk of failure)
Confirm with . or Enter, or press ? or * to list all spells.
Casting: Dazzling Flash (mildly dangerous; 5% risk of failure)
Press: ? - help, Dir - look around, f - activate The polar bear is dazzled. x2
The frost giant points at you and mumbles some strange words.
The bolt of cold hits you! You resist.
* * * LOW HITPOINT WARNING * * *
😱 HP[-11] MP[-2]
You take 11 damage, and now have 20/100 hp.
You lost 2 mp, and now have 7/24 mp.
Casting: Dazzling Flash (mildly dangerous; 5% risk of failure)
Confirm with . or Enter, or press ? or * to list all spells.
Casting: Dazzling Flash (mildly dangerous; 5% risk of failure)
Press: ? - help, Dir - look around, f - activate The frost giant is dazzled.
The frost giant points at you and mumbles some strange words.
The bolt of cold hits you! You resist.
* * * LOW HITPOINT WARNING * * *
😱 HP[-10] MP[-3]
You take 10 damage, and now have 10/100 hp.
You lost 3 mp, and now have 4/24 mp.
You hit the frost giant.
You catch the helpless polar bear completely off-guard!
You perforate the polar bear like a sieve!!!
You kill the polar bear!
Dithmenos accepts your kill.
You puncture the polar bear! 😱 HP[+1]
You hit the polar bear.
The polar bear is no longer blind.
You fade into invisibility! 😱 MP[+1]
You hit the frost giant.
The frost giant hits you with a +1 battleaxe of freezing!!
You die...

Skill      XL: |  1  2  3  4  5  6  7  8  9 10 11 12 |
---------------+-------------------------------------+-----
Short Blades   | 1 2 3 4 5 6 7 9 10 | 10.3
Stealth        | 3 4 5 6 7 9 10 11 | 11.5
Fighting       | 1 2 3 4 5 6 7 8 |  8.1
Spellcasting   | 3 4 5 6 7 |  7.6
Ice Magic      | 1 2 3 4 5 |  5.0
Hexes          | 4 5 6 7 8 |  8.4
Dodging        | 2 4 |  4.4
Armour         | 2 3 |  3.9

Action                     |  1- 3 |  4- 6 |  7- 9 | 10-12 | 13-15 || total
---------------------------+-------+-------+-------+-------+-------++-------
  Melee: Dagger            |    50 |   144 |   276 |   802 |    21 ||  1293
         Punch             |     1 |       |     3 |    14 |       ||    18
   Cast: Confusing Touch   |       |     4 |     5 |    28 |       ||    37
         Ensorcelled Hiber |       |     2 |    30 |    60 |       ||    92
         Dazzling Flash    |       |       |       |     2 |     7 ||     9
  Evoke: Wand              |       |     1 |     2 |     2 |       ||     5
    Use: Potion            |     1 |       |     1 |     3 |     1 ||     6
         Scroll            |       |       |    17 |     8 |       ||    25
   Stab: Sleeping          |     4 |    13 |    33 |    50 |       ||   100
         Invisible         |     2 |       |       |     2 |     3 ||     7
         Distracted        |       |     1 |       |     3 |       ||     4
         Confused          |       |     2 |     2 |    18 |       ||    22
 Armour: Robe              |    27 |    45 |   166 |       |       ||   238
         Leather armour    |       |       |       |   497 |    20 ||   517
  Dodge: Dodged            |    25 |    54 |   168 |   538 |    18 ||   803
  Block: Other             |       |    16 |    41 |   116 |     5 ||   178

Levels and vault maps discovered:
D:1:      minmay_arrival_hallway, layout_basic
D:2:      layout_basic, roderic_lattice_a, uniq_sigmund
D:3:      minmay_spotlight, layout_basic, nicolae_qazlal_scattered_showers
D:4:      layout_layer_cave, lemuel_tele_altar, uniq_crazy_yiuf_cottage
D:5:      layout_basic, mainiacjoe_overflow_boulevard, cheibrodos_gnoll_hut
D:6:      layout_gridville, cheibrodos_sewer_entry_drain
D:7:      layout_layer_cave, minmay_temple_entry_glass, uniq_joseph,
          uniq_menkaure
D:8:      layout_loops_ring, mainiacjoe_overflow_alcove_1,
          mainiacjoe_overflow_24_doors, kennysheep_generic_room_14, uniq_pikel,
          uniq_erica
D:9:      layout_basic, amcnicky_altar_gilded,
          mainiacjoe_overflow_concentric_impassable, hellmonk_lair_entry_icy
D:10:     dragon1_lemuel, layout_loops_ring, gammafunk_temple_overflow_elements,
          serial_bayou_pond_e, minmay_misc_feat_hallway, nicolae_shop_fire_sale
          [nicolae_sub_dead_trees]
D:11:     layout_cave_pools, david_orc_3
D:12:     layout_grid_maze
D:13:     layout_roguey, portal_ice_cave_entry_pillars_1, uniq_josephine
Temple:   compressed_dpeg_triangle_lava_temple
IceCv:    ice_cave_caverns_03

Notes
Turn   | Place    | Note
-------+----------+-------------------------------------------
     0 | D:1      | kae the Demonspawn Enchanter began the quest for the Orb.
     0 | D:1      | Reached XP level 1. HP: 13/13 MP: 3/3
     0 | D:1      | magus.rc [v1.11.3]
    59 | D:1      | Reached skill level 1 in Short Blades
   346 | D:1      | Gained mutation: You are partially covered in rugged brown
                  | scales. (AC +1, +3% HP) [demonic ancestry]
   346 | D:1      | Reached XP level 2. HP: 14/20 MP: 5/5
   841 | D:2      | Reached skill level 3 in Stealth
   910 | D:2      | Noticed Sigmund
   922 | D:2      | HP: 3/20 [Sigmund/+0 scythe (8)]
   924 | D:2      | Killed Sigmund
   925 | D:2      | Reached skill level 1 in Fighting
   925 | D:2      | Reached skill level 2 in Short Blades
   925 | D:2      | Gained mutation: A meltable shield of frost defends you.
                  | (SH +4) [demonic ancestry]
   925 | D:2      | Reached XP level 3. HP: 4/27 MP: 7/7
   925 | D:2      | Gained mutation: You may rarely emit foul miasma when
                  | damaged in melee. [demonic ancestry]
   925 | D:2      | Reached XP level 4. HP: 5/33 MP: 8/8
   925 | D:2      | Reached XP level 5. HP: 6/39 MP: 9/9
  1083 | D:2      | Learned a level 2 spell: Ensorcelled Hibernation
  1087 | D:2      | Learned a level 3 spell: Confusing Touch
  1809 | D:3      | You fall into a shaft and drop 1 floor!
  1970 | D:4      | Noticed a phantom
  2112 | D:3      | Reached skill level 4 in Stealth
  2116 | D:3      | Reached skill level 2 in Fighting
  2187 | D:3      | Gained mutation: You sometimes emit foul miasma when
                  | damaged in melee. [demonic ancestry]
  2187 | D:3      | Reached XP level 6. HP: 36/45 MP: 10/10
  2194 | D:3      | Reached skill level 3 in Short Blades
  2332 | D:3      | Found a stormy altar of Qazlal.
  2731 | D:4      | magus.rc [v1.11.3]
  2852 | D:4      | Reached skill level 3 in Spellcasting
  2955 | D:4      | Found a hazy altar of Hepliaklqana.
  3038 | D:4      | Reached skill level 1 in Ice Magic
  3464 | D:4      | Found a runed translucent door.
  3465 | D:4      | Noticed Crazy Yiuf
  3508 | D:4      | Reached skill level 4 in Hexes
  3508 | D:4      | Reached XP level 7. HP: 51/52 MP: 8/11
  3875 | D:4      | Killed Crazy Yiuf
  3927 | D:5      | Entered Level 5 of the Dungeon
  4197 | D:5      | HP: 11/52 [iguana (6)]
  4404 | D:5      | Reached skill level 5 in Stealth
  4516 | D:5      | Reached skill level 4 in Short Blades
  4605 | D:5      | Reached skill level 3 in Fighting
  4786 | D:5      | Reached skill level 2 in Ice Magic
  4893 | D:5      | Reached XP level 8. HP: 32/59 MP: 0/13
  5100 | D:5      | Found a sacrificial altar of Ru.
  5379 | D:6      | Learned a level 3 spell: Tukima's Dance
  5383 | D:6      | Learned a level 3 spell: Dazzling Flash
  5688 | D:6      | Reached skill level 6 in Stealth
  5688 | D:6      | Reached skill level 4 in Spellcasting
  5698 | D:6      | Found a glowing drain.
  5714 | Sewer    | Entered a sewer
  5793 | Sewer    | Reached skill level 5 in Short Blades
  6464 | Sewer    | Reached skill level 5 in Hexes
  6575 | Sewer    | Identified a scroll of acquirement
  6575 | Sewer    | Acquired the ring of Oqumodufe {rElec rN+ rCorr Stlth+}
  6637 | D:6      | Reached skill level 4 in Fighting
  6638 | D:6      | HP: 14/59 [wight/+3 hand axe of freezing (3)]
  6640 | D:6      | Reached skill level 3 in Ice Magic
  6640 | D:6      | Reached XP level 9. HP: 15/66 MP: 15/15
  7615 | D:7      | Reached skill level 7 in Stealth
  7756 | D:7      | Reached skill level 6 in Short Blades
  8058 | D:7      | Noticed Joseph
  8063 | D:7      | Killed Joseph
  8139 | D:7      | Reached skill level 5 in Spellcasting
  8265 | D:7      | You pick up a book of Displacement and begin reading...
  8265 | D:7      | You add the spells Lesser Beckoning, Gell's Gravitas and
                  | Teleport Other to your library.
  8286 | D:7      | Found a staircase to the Ecumenical Temple.
  8287 | D:7      | Noticed Menkaure
  8305 | D:7      | Killed Menkaure
  8310 | Temple   | Entered the Ecumenical Temple
  8333 | Temple   | Became a worshipper of Dithmenos the Shadowed
  9142 | D:8      | Reached skill level 5 in Fighting
  9145 | D:8      | Gained mutation: A meltable icy envelope protects you from
                  | harm. (AC +4) [demonic ancestry]
  9145 | D:8      | Reached XP level 10. HP: 76/76 MP: 17/17
  9214 | D:8      | Reached skill level 4 in Ice Magic
  9325 | D:8      | Identified the +8 rapier of the Bedazzling Jester {holy,
                  | rN+ MP+9}
  9452 | D:8      | Found an iron altar of Okawaru.
  9569 | D:8      | Reached skill level 8 in Stealth
  9588 | D:8      | Noticed Pikel
  9593 | D:8      | Killed Pikel
  9594 | D:8      | Reached skill level 7 in Short Blades
  9594 | D:8      | Reached skill level 6 in Hexes
  9647 | D:8      | Noticed Erica
  9660 | D:8      | Killed Erica
  9856 | D:8      | Found a shimmering blue altar of Sif Muna.
  9996 | D:8      | Noticed a two-headed ogre
 10001 | D:8      | Killed a two-headed ogre
 10230 | D:9      | Found a broken altar of Ashenzari.
 10314 | D:9      | HP: 14/78 [something (14)]
 10322 | D:9      | HP: 18/78 [something (19)]
 10326 | D:9      | Reached skill level 9 in Stealth
 10373 | D:9      | Reached * piety under Dithmenos
 10378 | D:9      | HP: 17/78 [yak (3)]
 10466 | D:9      | Reached skill level 6 in Fighting
 10466 | D:9      | Gained mutation: You have a pair of small antennae on your
                  | head. [demonic ancestry]
 10466 | D:9      | Reached XP level 11. HP: 49/83 MP: 16/19
 10500 | D:9      | Reached skill level 6 in Spellcasting
 10510 | D:9      | Reached skill level 8 in Short Blades
 10536 | D:9      | Found a staircase to the Lair.
 10553 | D:9      | Reached skill level 5 in Ice Magic
 10601 | D:9      | Noticed a two-headed ogre
 10613 | D:9      | Killed a two-headed ogre
 10620 | D:9      | HP: 18/82 [wight/+0 spear (3)]
 10627 | D:9      | HP: 16/82 [wight/+0 spear (4)]
 10631 | D:9      | HP: 7/82 [wight/+3 trident (11)]
 10632 | D:9      | HP: 3/83 [wight/+0 spear (4)]
 11392 | D:9      | Found an ornate altar of the Wu Jian Council.
 11554 | D:10     | Entered Level 10 of the Dungeon
 11682 | D:10     | Noticed a fire dragon
 11692 | D:10     | HP: 13/85 [fire dragon (10)]
 11692 | D:10     | HP: 5/85 [fire dragon (8)]
 12059 | D:10     | Reached skill level 7 in Hexes
 12224 | D:10     | Noticed a two-headed ogre
 12233 | D:10     | Killed a two-headed ogre
 12274 | D:10     | Found Vuhani's Fire Supplies.
 12279 | D:10     | Reached skill level 2 in Dodging
 12352 | D:10     | Identified the ring of Doisoota {rC+ Will+ Int+6}
 12361 | D:10     | Bought a +2 pair of gloves of fire resistance for 301 gold
                  | pieces
 12361 | D:10     | Bought a scroll of immolation for 56 gold pieces
 12426 | D:10     | Reached ** piety under Dithmenos
 12566 | D:10     | Reached skill level 1 in Armour
 12679 | D:10     | Found a basalt altar of Yredelemnul.
 12679 | D:10     | Found an opulent altar of Gozag.
 12954 | D:10     | Killed a fire dragon
 12955 | D:10     | Reached skill level 10 in Stealth
 13678 | D:11     | Found a staircase to the Orcish Mines.
 13761 | D:11     | Reached skill level 9 in Short Blades
 13920 | D:11     | Reached skill level 2 in Armour
 14103 | D:11     | Reached skill level 7 in Fighting
 14353 | D:12     | Acquired a +2 pair of boots of rampaging
 14360 | D:12     | Acquired 991 gold pieces
 14368 | D:12     | Noticed a two-headed ogre
 14379 | D:12     | Killed a two-headed ogre
 14505 | D:12     | Reached XP level 12. HP: 93/93 MP: 22/22
 14512 | D:12     | You pick up a book of the Senses and begin reading...
 14512 | D:12     | You add the spells Mephitic Cloud, Curse of Agony and
                  | Silence to your library.
 14527 | D:12     | Reached skill level 3 in Dodging
 14548 | D:12     | Noticed a centaur warrior
 14555 | D:12     | Killed a centaur warrior
 14802 | D:12     | Reached *** piety under Dithmenos
 14808 | D:12     | Reached skill level 7 in Spellcasting
 15016 | D:12     | You pick up a book of Callings and begin reading...
 15016 | D:12     | You add the spells Summon Small Mammal, Call Canine
                  | Familiar and Summon Blazeheart Golem to your library.
 15110 | D:12     | Found the amulet of Elemental Vulnerability {rPois rF--
                  | rC-- AC+8}
 15618 | D:13     | HP: 21/93 [poisoned by a meliai]
 15620 | D:13     | HP: 7/93 [poisoned by a meliai]
 15622 | D:13     | Reached skill level 3 in Armour
 15622 | D:13     | HP: 3/93 [poisoned by a meliai]
 15627 | D:13     | HP: 11/93 [poisoned by a meliai]
 15632 | D:13     | HP: 22/93 [poisoned by a meliai]
 15667 | D:13     | Noticed a two-headed ogre
 15668 | D:13     | Found a frozen archway.
 15669 | D:13     | Killed a two-headed ogre
 15798 | IceCv    | Entered an ice cave
 15859 | IceCv    | Reached skill level 8 in Hexes
 15899 | IceCv    | Reached skill level 11 in Stealth
 16127 | IceCv    | Noticed a death yak
 16324 | IceCv    | HP: 23/94 [death yak (11)]
 16325 | IceCv    | HP: 10/94 [death yak (13)]
 16329 | IceCv    | Killed a death yak
 16330 | IceCv    | Reached skill level 4 in Dodging
 16372 | IceCv    | HP: 4/94 [rime drake/icy flash freeze (17)]
 16540 | IceCv    | Reached skill level 10 in Short Blades
 16832 | IceCv    | Reached skill level 8 in Fighting
 17117 | IceCv    | Noticed a frost giant
 17117 | IceCv    | Noticed a death yak
 17117 | IceCv    | Noticed a death yak
 17157 | IceCv    | Killed a death yak
 17158 | IceCv    | Reached XP level 13. HP: 94/100 MP: 19/24
 17191 | IceCv    | HP: 20/100 [frost giant/bolt of cold (11)]
 17198 | IceCv    | Demolished by a frost giant

Vanquished Creatures
  A fire dragon (D:10)
  Erica (D:8)
  3 death yaks (IceCv)
  A centaur warrior (D:12)
  5 two-headed ogres
  Pikel (D:8)
  An ugly thing (IceCv)
  A cyclops (D:12)
  2 manticores
  3 meliai (D:13)
  An ice statue (IceCv)
  Joseph (D:7)
  A gargoyle (D:12)
  A kobold demonologist (D:12)
  3 rime drakes
  2 unseen horrors (D:11)
  2 trolls (D:12)
  10 polar bears
  Sigmund (D:2)
  4 slime creatures (D:12)
  3 shadows
  2 wraiths (D:10)
  A vampire (D:9)
  A hog (shapeshifter) (D:12)
  19 yaks
  2 steam dragons
  Menkaure (D:7)
  8 vampire mosquitoes
  3 water moccasins
  4 acid dragons
  7 orc warriors
  2 sky beasts (D:6)
  2 black bears
  8 ice beasts
  17 wolves
  6 centaurs
  4 phantoms
  4 kobold brigands (Sewer)
  2 lemures (D:8)
  4 bullfrogs
  A gnoll sergeant (D:10)
  4 killer bees (D:8)
  11 wights
  2 electric eels (D:10)
  7 howler monkeys
  A jelly (D:6)
  Crazy Yiuf (D:4)
  2 bombardier beetles (D:5)
  5 hounds
  A gnoll bouda (D:5)
  10 orc priests
  A sleepcap (D:4)
  2 iguanas
  12 orc wizards
  21 gnolls
  3 river rats (Sewer)
  7 adders
  A shadow imp (D:5)
  A white imp (D:7)
  2 ufetubi (D:5)
  11 worms
  3 dart slugs
  40 orcs
  7 endoplasms
  2 giant cockroaches (D:4)
  10 goblins
  3 hobgoblins
  6 jackals
  2 quokkas
  13 ball pythons
  5 bats
  4 frilled lizards
  6 kobolds
  10 rats
362 creatures vanquished.

Vanquished Creatures (others)
  An orc wizard (D:10)
1 creature vanquished.

Grand Total: 363 creatures vanquished

Table legend:
 A = Non-vault XP
 B = Vault XP
 C = Vault XP percentage of total XP
 D = Non-vault monster count
 E = Vault monster count
 F = Vault count percentage of total count
                 A         B        C        D         E       F
            +---------+---------+-------+---------+---------+-------
      Total |   22219 |   18146 |  45.0 |     253 |     108 |  29.9
            +---------+---------+-------+---------+---------+-------
        D:1 |      13 |       0 |   0.0 |       9 |       0 |   0.0
        D:2 |      37 |     231 |  86.2 |      20 |       1 |   4.8
        D:3 |     205 |       5 |   2.4 |      27 |       3 |  10.0
        D:4 |     424 |      42 |   9.0 |      19 |       1 |   5.0
        D:5 |     509 |      97 |  16.0 |      24 |       3 |  11.1
        D:6 |    1443 |      11 |   0.8 |      25 |       3 |  10.7
        D:7 |    1060 |     630 |  37.3 |      18 |       2 |  10.0
        D:8 |    1348 |    2290 |  62.9 |      17 |       3 |  15.0
        D:9 |    3166 |    1807 |  36.3 |      25 |      10 |  28.6
       D:10 |    2991 |     921 |  23.5 |      26 |       1 |   3.7
       D:11 |    2633 |     362 |  12.1 |      14 |       9 |  39.1
       D:12 |    6099 |       0 |   0.0 |      25 |       0 |   0.0
       D:13 |    2291 |       0 |   0.0 |       4 |       0 |   0.0
      Sewer |       0 |     510 | 100.0 |       0 |      28 | 100.0
      IceCv |       0 |   11240 | 100.0 |       0 |      44 | 100.0
            +---------+---------+-------+---------+---------+-------

Skill      XL: |  1  2  3  4  5  6  7  8  9 10 11 12 |
---------------+-------------------------------------+-----
Short Blades   | 1 2 3 4 5 6 7 9 10 | 10.3
Stealth        | 3 4 5 6 7 9 10 11 | 11.5
Fighting       | 1 2 3 4 5 6 7 8 |  8.1
Spellcasting   | 3 4 5 6 7 |  7.6
Ice Magic      | 1 2 3 4 5 |  5.0
Hexes          | 4 5 6 7 8 |  8.4
Dodging        | 2 4 |  4.4
Armour         | 2 3 |  3.9

Action                     |  1- 3 |  4- 6 |  7- 9 | 10-12 | 13-15 || total
---------------------------+-------+-------+-------+-------+-------++-------
  Melee: Dagger            |    50 |   144 |   276 |   802 |    21 ||  1293
         Punch             |     1 |       |     3 |    14 |       ||    18
   Cast: Confusing Touch   |       |     4 |     5 |    28 |       ||    37
         Ensorcelled Hiber |       |     2 |    30 |    60 |       ||    92
         Dazzling Flash    |       |       |       |     2 |     7 ||     9
  Evoke: Wand              |       |     1 |     2 |     2 |       ||     5
    Use: Potion            |     1 |       |     1 |     3 |     1 ||     6
         Scroll            |       |       |    17 |     8 |       ||    25
   Stab: Sleeping          |     4 |    13 |    33 |    50 |       ||   100
         Invisible         |     2 |       |       |     2 |     3 ||     7
         Distracted        |       |     1 |       |     3 |       ||     4
         Confused          |       |     2 |     2 |    18 |       ||    22
 Armour: Robe              |    27 |    45 |   166 |       |       ||   238
         Leather armour    |       |       |       |   497 |    20 ||   517
  Dodge: Dodged            |    25 |    54 |   168 |   538 |    18 ||   803
  Block: Other             |       |    16 |    41 |   116 |     5 ||   178

Illustrated notes

Table legend:
 A = Kills in this place as a percentage of kills in the entire game.
 B = Kills by you in this place as a percentage of kills by you in the entire game.
 C = Kills by friends in this place as a percentage of kills by friends in the entire game.
 D = Other kills in this place as a percentage of other kills in the entire game.
 E = Experience gained in this place as a percentage of experience gained in the entire game.
 F = Experience gained in this place divided by the number of levels of this place that you have seen.
                   A       B       C       D       E      F
               +-------+-------+-------+-------+-------+----------------------
         Total | 100.0 | 100.0 |   N/A | 100.0 | 100.0 | 2522.8
       Dungeon |  80.1 |  79.9 |   N/A | 100.0 |  70.9 | 2201.2
         Sewer |   7.8 |   7.8 |   N/A |   0.0 |   1.3 | 510.0
      Ice Cave |  12.2 |  12.3 |   N/A |   0.0 |  27.8 | 11240.0
               +-------+-------+-------+-------+-------+----------------------

Table legend: (Time is in decaauts)
 A = Elapsed time spent in this place.
 B = Non-inter-level travel time spent in this place.
 C = Inter-level travel time spent in this place.
 D = Time resting spent in this place.
 E = Time spent auto-exploring this place.
 F = Levels seen in this place.
 G = Mean time per level.
                   A        B        C        D        E       F      G
               +--------+--------+--------+--------+--------+-----+--------+
         Total |  17240 |  16523 |    717 |   2102 |  11223 |  16 | 1077.5 |
       Dungeon |  14829 |  14112 |    717 |   1594 |  10001 |  13 | 1140.7 |
        Temple |     29 |     29 |      0 |      0 |     15 |   1 |   29.0 |
         Sewer |   1052 |   1052 |      0 |      0 |    776 |   1 | 1052.0 |
      Ice Cave |   1329 |   1329 |      0 |    507 |    430 |   1 | 1329.0 |
               +--------+--------+--------+--------+--------+-----+--------+

Top non-repeatable levels by time:
    D:10: 1801 daAuts
     D:4: 1799 daAuts
     D:7: 1525 daAuts
   IceCv: 1329 daAuts
     D:9: 1314 daAuts
    D:12: 1245 daAuts
     D:5: 1196 daAuts
     D:6: 1196 daAuts
     D:8: 1091 daAuts
   Sewer: 1052 daAuts
     D:2: 1021 daAuts
    D:11: 966 daAuts
     D:3: 800 daAuts
     D:1: 688 daAuts
    D:13: 184 daAuts
